 Dungeon Crawl Stone Soup version 0.28.0-45-g0d030f2227 (webtiles) character file.

Game seed: 4646456216263540336

28 zeratav the Insei (level 3, -1/23 HPs)
             Began as an Octopode Transmuter on Apr 10, 2022.
             Slain by a phantom (8 damage)
             ... on level 3 of the Dungeon.
             The game lasted 00:01:54 (1450 turns).

zeratav the Insei (Octopode Transmuter)             Turns: 1450, Time: 00:01:55

Health: -1/23      AC:  1    Str:  9    XL:     3   Next: 12%
Magic:  5/6        EV: 13    Int: 15    God:
Gold:   68         SH:  0    Dex: 14    Spells: 5/6 levels left

rFire   . . .      SeeInvis .   b - +0 short sword (elec) {short}
rCold   . . .      Faith    .   (no shield)
rNeg    . . .      Spirit   .   (helmet currently unavailable)
rPois   .          Reflect  .   (no amulet)
rElec   .          Harm     .   (no ring)
rCorr   .          Rampage  .   (no ring)
Will    .....                   (no ring)
Stlth   +++.......              (no ring)
HPRegen 0.07/turn               (no ring)
MPRegen 0.10/turn               (no ring)
                                (no ring)
                                (no ring)

@: appendages
A: tentacle spike 3, almost no armour, amphibious, 8 rings, camouflage 1,
gelatinous body 1, (nimble swimmer 1), tentacles
a: End Transformation


You were on level 3 of the Dungeon.
One of your tentacles had grown a beastly spike.
You visited 1 branch of the dungeon, and saw 3 of its levels.

You collected 68 gold pieces.


Innate Abilities, Weirdness & Mutations

One of your tentacles has grown a beastly spike.
You cannot wear most types of armour.
You are amphibious.
You can wear up to eight rings at the same time.
Your skin changes colour to match your surroundings (Stealth+).
Your rubbery body absorbs attacks. (AC +1, EV +1)
((You are camouflaged when in or above water. (Stealth+)))
You have tentacles for arms and can constrict up to eight enemies at once.


   Skills:
 + Level 1.5 Fighting
 + Level 2.3 Dodging
 + Level 1.5 Stealth
 * Level 3.5 Unarmed Combat
 - Level 2.0 Spellcasting
 - Level 2.0 Transmutations


You had 5 spell levels left.
You knew the following spells:

 Your Spells              Type           Power      Damage    Failure   Level
a - Beastly Appendage     Tmut           14%        N/A       10%         1

Your spell library contained the following spells:

 Spells                   Type           Power      Damage    Failure   Level
 Wereblood                Tmut           7%         N/A       14%         2
 Magic Dart               Conj           4%         1d3       22%         1
 Searing Ray              Conj           2%         2d4       32%         2
 Spider Form              Tmut/Pois      4%         N/A       41%         3
 Ice Form                 Ice/Tmut       4%         N/A       82%         4
 Fulminant Prism          Conj/Hex       0%         3d6       91%         4

Inventory:

Hand Weapons
 b - a +0 short sword of electrocution (weapon) {short}
   (You found it on level 1 of the Dungeon)
Jewellery
 f - an amulet of magic regeneration {@e2}
   (You found it on level 2 of the Dungeon)
Scrolls
 d - 2 scrolls of identify {unknown}
 e - 2 scrolls of teleportation {unknown}
 h - a scroll of fog {unknown}
Potions
 a - 3 potions of curing {unknown}
 c - a potion of mutation {unknown}
 g - a potion of degeneration {unknown}

Dungeon Overview and Level Annotations

Branches:
Dungeon (3/15)

Altars:

#...# ##...####
#.......# ###
#....<..# #..
#.......###.###
#..............
#.......###.##
#.......###.###
#####......@..#
#.#.$.W.###
............#
...##.......#
..... #.......#
.#......#..##.#
#.##.........#
J...#.#####
.......#


You could see a phantom and an endoplasm (asleep).


Message History

MP[-1]
You lost 1 mp, and now have 5/6 mp.
Your transformation is almost over.
Your tentacle spike disappears.
There is a stone staircase leading down here.
A hobgoblin comes into view.
MP[+1]
Your mp is fully restored (6).
You see here a +0 flail of protection {mace}.
One of your tentacles grows a vicious spike.
MP[-1]
You lost 1 mp, and now have 5/6 mp.
No target in view!
Your transformation is almost over.
MP[+1]
Your mp is fully restored (6).
Your tentacle spike disappears.
The hobgoblin shouts!
The hobgoblin barely misses you.
You hit the hobgoblin but do no damage. Your grab misses the hobgoblin.
Your tentacle-slap misses the hobgoblin.
The hobgoblin closely misses you.
You hit the hobgoblin. You grab the hobgoblin. You constrict the hobgoblin.
The hobgoblin hits you.
You barely miss the hobgoblin. You squeeze the hobgoblin.
You kill the hobgoblin!
No target in view!
HP[-1]
You take 1 damage, and now have 22/23 hp.
No target in view!
No target in view!
No target in view!
No target in view!
No target in view!
No target in view!
No target in view!
No target in view!
No target in view!
No target in view!
No target in view!
No target in view!
No target in view!
No target in view!
There is a stone staircase leading down here.
Done exploring.
HP[+1]
Your hp is fully restored (23).
Done exploring.
Done exploring.
(D) Dungeon
Where to? (Enter - D:2, ? - help)
There is a stone staircase leading down here.
You climb downwards.
There is a stone staircase leading up here.
One of your tentacles grows a vicious spike.
Your transformation is almost over.
MP[-1]
You lost 1 mp, and now have 5/6 mp.
Your tentacle spike disappears.
a - 3 lumpy amethyst potions (gained 1)
A phantom comes into view.
MP[+1]
Your mp is fully restored (6).
You closely miss the phantom. The phantom closely misses you.
You hit the phantom. The phantom closely misses you.
You barely miss the phantom. You squeeze the phantom.
The phantom barely misses you.
You hit the phantom.
The phantom hits you but does no damage.
You closely miss the phantom. Your squeeze misses the phantom.
The phantom hits you!
The phantom blinks!
You blink.
HP[-9]
You take 9 damage, and now have 14/23 hp.
MASSIVE DAMAGE!! (PAUSE)
You hit the phantom. The phantom hits you.
The phantom blinks!
You blink.
An endoplasm comes into view.
HP[-2]
You take 2 damage, and now have 12/23 hp.
One of your tentacles grows a vicious spike.
The phantom completely misses you.
MP[-1]
You lost 1 mp, and now have 5/6 mp.
You closely miss the phantom. Your squeeze misses the phantom.
The phantom closely misses you.
You miss the phantom.
Your tentacle spike misses the phantom.
The phantom hits you but does no damage.
You hit the phantom but do no damage.
You pierce the phantom.
The phantom hits you.
* * * LOW HITPOINT WARNING * * *
The phantom blinks!
You blink.
The phantom barely misses you.
HP[-5]
You take 5 damage, and now have 7/23 hp.
MASSIVE DAMAGE!! (PAUSE)
You miss the phantom.
Your tentacle spike misses the phantom.
The phantom hits you!
You die...

Skill      XL: |  1  2 |
---------------+-------+-----
Stealth        | 1 |  1.5
Fighting       | |  1.5
Dodging        | |  2.3
Unarmed Combat | |  3.5
Spellcasting   | |  2.0
Transmutations | |  2.0

Action                   || total
-------------------------++-------
Melee: Short sword       ||    47
       Unarmed           ||     4
       Constrict         ||     9
       Kick              ||     9
       Tentacles         ||     7
       Punch             ||     2
 Cast: Beastly Appendage ||    20
 Stab: Sleeping          ||     4
Armor: Skin              ||     8
Dodge: Dodged            ||    31

Levels and vault maps discovered:
D:1:      lightli_arrival_quake, layout_basic,
          shapermc_ecumenical_altar_notcrosses, minmay_heptomino_l4
D:2:      layout_basic
D:3:      layout_basic, hangedman_glass_teeth

Notes
Turn   | Place    | Note
-------+----------+-------------------------------------------
     0 | D:1      | zeratav the Octopode Transmuter began the quest for the
                  | Orb.
     0 | D:1      | Reached XP level 1. HP: 13/13 MP: 3/3
     0 | D:1      | magus.rc [v1.9.6]
   280 | D:1      | You pick up a book of Conjurations {@e2} and begin
                  | reading...
   280 | D:1      | You add the spells Magic Dart, Searing Ray and Fulminant
                  | Prism to your library.
   331 | D:1      | Reached XP level 2. HP: 18/18 MP: 3/5
   460 | D:1      | Reached skill level 1 in Stealth
   693 | D:1      | Found a faded altar of an unknown god.
  1042 | D:2      | Reached XP level 3. HP: 21/23 MP: 4/6
  1436 | D:3      | Noticed a phantom
  1450 | D:3      | Slain by a phantom

Vanquished Creatures
  3 endoplasms
  A giant cockroach (D:2)
  6 hobgoblins
  6 bats
  5 frilled lizards
  2 goblins (D:1)
  A kobold (D:1)
  A rat (D:2)
25 creatures vanquished.

Table legend:
 A = Non-vault XP
 B = Vault XP
 C = Vault XP percentage of total XP
 D = Non-vault monster count
 E = Vault monster count
 F = Vault count percentage of total count
                 A         B        C        D         E       F
            +---------+---------+-------+---------+---------+-------
      Total |      37 |       3 |   7.5 |      23 |       2 |   8.0
            +---------+---------+-------+---------+---------+-------
        D:1 |      27 |       3 |  10.0 |      17 |       2 |  10.5
        D:2 |      10 |       0 |   0.0 |       6 |       0 |   0.0
            +---------+---------+-------+---------+---------+-------

Illustrated notes

Table legend:
 A = Kills in this place as a percentage of kills in entire the game.
 B = Kills by you in this place as a percentage of kills by you in the entire game.
 C = Kills by friends in this place as a percentage of kills by friends in the entire game.
 D = Other kills in this place as a percentage of other kills in the entire game.
 E = Experience gained in this place as a percentage of experience gained in the entire game.
 F = Experience gained in this place divided by the number of levels of this place that you have seen.
                   A       B       C       D       E      F
               +-------+-------+-------+-------+-------+----------------------
         Total | 100.0 | 100.0 |   N/A |   N/A | 100.0 |  13.3
       Dungeon | 100.0 | 100.0 |   N/A |   N/A | 100.0 |  13.3
               +-------+-------+-------+-------+-------+----------------------

Table legend: (Time is in decaauts)
 A = Elapsed time spent in this place.
 B = Non-inter-level travel time spent in this place.
 C = Inter-level travel time spent in this place.
 D = Time resting spent in this place.
 E = Time spent auto-exploring this place.
 F = Levels seen in this place.
 G = Mean time per level.
                   A        B        C        D        E       F      G
               +--------+--------+--------+--------+--------+-----+--------+
         Total |   1453 |   1436 |     17 |      0 |   1233 |   3 |  484.3 |
       Dungeon |   1453 |   1436 |     17 |      0 |   1233 |   3 |  484.3 |
               +--------+--------+--------+--------+--------+-----+--------+

Top non-repeatable levels by time:
     D:1: 907 daAuts
     D:2: 512 daAuts
     D:3: 32 daAuts
